 Dungeon Crawl Stone Soup version 0.25.0-9-g26727b6 (webtiles) character file.

Game seed: 6343867822162574534

639 shmeve the Skirmisher (level 7, -2/45 HPs)
             Began as a Gargoyle Berserker on June 21, 2020.
             Was a Priest of Trog.
             Slain by an orc
             ... wielding a +0 hand axe
              (3 damage)
             ... on level 4 of the Dungeon.
             The game lasted 00:07:29 (3688 turns).

shmeve the Skirmisher (Gargoyle Berserker)          Turns: 3688, Time: 00:07:30

Health: -2/45      AC: 15    Str: 21    XL:     7   Next: 50%
Magic:  7/7        EV:  8    Int:  8    God:    Trog [***...]
Gold:   208        SH:  0    Dex: 10    Spells: 6/6 levels left

rFire    . . .     SeeInvis .   s - +0 war axe
rCold    . . .     Gourm    .   (no shield)
rNeg     + . .     Faith    .   n - +0 chain mail
rPois    ∞         Spirit   .   (no helmet)
rElec    +         Reflect  .   (no cloak)
rCorr    .         Harm     .   (no gloves)
MR       .....                  j - +0 pair of boots
Stlth    ..........             (no amulet)
HPRegen  0.15/turn              (no ring)
MPRegen  0.10/turn              (no ring)

@: brilliant, berserk cooldown, flying, slowed, very slow
A: negative energy resistance 1, electricity resistance, unbreathing,
petrification resistance, rot immunity, AC +4
a: Berserk, Trog's Hand, Renounce Religion


You were on level 4 of the Dungeon.
You worshipped Trog.
Trog was most pleased with you.
You were near starving.

You visited 1 branch of the dungeon, and saw 6 of its levels.

You collected 208 gold pieces.

Inventory:

Hand Weapons
 s - a +0 war axe (weapon)
Missiles
 o - 8 boomerangs (quivered)
Armour
 j - a +0 pair of boots (worn)
 n - a +0 chain mail (worn)
Jewellery
 r - a +6 ring of dexterity {unknown}
Scrolls
 a - a scroll of torment {unknown}
 d - 2 scrolls of magic mapping {unknown}
 e - 3 scrolls of immolation {unknown}
 h - a scroll of amnesia {unknown}
 k - a scroll of fear {unknown}
 l - 3 scrolls of identify {unknown}
 q - a scroll of enchant weapon {unknown}
 t - 3 scrolls of fog {unknown}
 u - a scroll of enchant armour {unknown}
 v - a scroll of remove curse {unknown}
Potions
 b - a potion of brilliance
 g - a potion of flight
 i - a potion of might {unknown}
 m - 2 potions of berserk rage {unknown}
 p - a potion of mutation {unknown}
Comestibles
 c - 9 rations
 f - 6 chunks of flesh


   Skills:
 * Level 5.6 Fighting
 * Level 4.7 Axes
 + Level 2.3 Throwing
 + Level 3.9 Armour
 + Level 2.8 Dodging


You had 6 spell levels left.
You didn't know any spells.
Your spell library was empty.

Dungeon Overview and Level Annotations

Branches:
Dungeon (6/15)             Temple (0/1) D:4

Altars:
Okawaru

Shops:
D:6 %


Innate Abilities, Weirdness & Mutations

You are resistant to torment.
Your stone body is resilient. (AC +4)
You are immune to poison.
You resist negative energy. (rN+)
You are resistant to electric shocks. (rElec)
You can survive without breathing.
You are immune to petrification.
You are immune to rotting.


Message History

You are unaffected.
The orc priest barely misses you.
It was a potion of flight.
You feel very buoyant.
You fly up into the air.
The orc priest hits you but does no damage.
The orc hits you but does no damage. x2; The scorpion stings you.
* * * LOW HITPOINT WARNING * * *
The orc priest barely misses you. x2
The orc priest hits you but does no damage.
The orc hits you but does no damage.
You hit the orc priest.
The orc priest is lightly wounded.
Your chain mail prevents you from hitting the orc priest.
You barely miss the orc priest. You closely miss the scorpion.
You barely miss the orc. You slash the orc!
You kill the orc!
Trog accepts your kill.
The scorpion stings you but does no damage.
The orc priest closely misses you. The orc hits you with a +0 hand axe.
You die...

#........## #..##.###...#
#.........##...##.#...#####
#............#.##...##.....
#........###...#....##.####
#......#.##.......#.....#
.......<.#..#####.......###
#.........†####............
#./.....)oo......##.....#..
#.......oo@s...#...####..#.
#####....)o##$.###. ##.##
#..P..o. ..## #.#
#...P>...# .# ....
.....PP...# ....
###..P..... .....
#...#.#... ... #...#. ...


You could see a scorpion, 3 orc priests and 3 orcs.

Vanquished Creatures
  A sky beast (D:6)
  An ogre (D:6)
  A crimson imp (D:6)
  2 hounds
  An orc priest (D:3)
  3 worker ants
  Robin (D:4)
  4 adders
  8 gnolls
  An ooze (D:1)
  An adder skeleton (D:4)
  8 worms
  3 leopard geckos
  6 orcs
  7 bats
  3 giant cockroaches
  14 goblins
  16 hobgoblins
  7 jackals
  7 kobolds
  2 quokkas (D:3)
  10 frilled lizards
  7 rats
114 creatures vanquished.

Notes
Turn   | Place    | Note
-------+----------+-------------------------------------------
     0 | D:1      | shmeve the Gargoyle Berserker began the quest for the Orb.
     0 | D:1      | Reached XP level 1. HP: 14/14 MP: 1/1
    19 | D:1      | Reached XP level 2. HP: 19/19 MP: 2/2
   135 | D:1      | Reached XP level 3. HP: 24/24 MP: 3/3
   446 | D:1      | Reached ** piety under Trog
   978 | D:2      | Reached skill level 4 in Fighting
  1171 | D:2      | Reached XP level 4. HP: 29/29 MP: 4/4
  1550 | D:2      | Reached skill level 1 in Throwing
  1621 | D:2      | Found an iron altar of Okawaru.
  1739 | D:2      | Reached XP level 5. HP: 34/34 MP: 5/5
  2395 | D:3      | Reached *** piety under Trog
  2460 | D:3      | Reached XP level 6. HP: 37/39 MP: 6/6
  2513 | D:3      | You fall into a shaft and drop 3 floors!
  2531 | D:6      | Found Qussuoxa's Food Boutique.
  2792 | D:6      | Noticed a sky beast
  2806 | D:6      | Reached skill level 5 in Fighting
  2808 | D:6      | Killed a sky beast
  2808 | D:6      | Reached XP level 7. HP: 44/44 MP: 7/7
  2980 | D:5      | Entered Level 5 of the Dungeon
  3668 | D:4      | Found a staircase to the Ecumenical Temple.
  3668 | D:4      | Noticed Robin
  3679 | D:4      | Killed Robin
  3687 | D:4      | HP: 1/45 [scorpion (4)]
  3688 | D:4      | Slain by an orc

Illustrated notes

Levels and vault maps discovered:
D:1:      ncdulo_halloftheorcs, layout_basic, hangedman_decor_clover_reticule
D:2:      layout_basic, okawaru_ov_weapons_minmay
D:3:      layout_loops_ring, first_ration
D:4:      layout_rooms, minmay_temple_entry_overgrown, serial_corexii_hall,
          chequers_hall_statues_y, corexii_hall_statues_deadend,
          corexii_hall_statues_s, cheibriados_altar_1, uniq_robin
D:5:      layout_loops_ring, minmay_overflow_temple_hex
D:6:      layout_basic, serial_shops, nicolae_shop_stone, portal_sewer_entry_e

Skill      XL: |  1  2  3  4  5  6 |
---------------+-------------------+-----
Axes           | 3 4 |  4.7
Fighting       | 4 5 |  5.6
Dodging        | 2 |  2.8
Throwing       | 1 2 |  2.3
Armour         | 3 |  3.9

Action                   |  1- 3 |  4- 6 |  7- 9 || total
-------------------------+-------+-------+-------++-------
Melee: Hand axe          |    93 |   202 |    15 ||   310
       War axe           |       |       |    39 ||    39
Throw: Boomerang         |       |       |     8 ||     8
Invok: Berserk           |     1 |     1 |     2 ||     4
       Trog's Hand       |       |       |     1 ||     1
  Use: Potion            |       |       |     2 ||     2
  Eat: Chunk             |       |     7 |     5 ||    12
Armor: Animal skin       |    32 |     9 |       ||    41
       Chain mail        |       |   134 |    70 ||   204
Dodge: Dodged            |    52 |   106 |    54 ||   212
